 Dungeon Crawl Stone Soup version 0.19.1 (webtiles) character file.

145 Host24 the Skirmisher (level 5, -2/35 HPs)
             Began as a Kobold Hunter on Jan 26, 2017.
             Slain by an orc
             ... wielding a +0 mace
              (6 damage)
             ... on level 3 of the Dungeon.
             The game lasted 00:04:59 (3000 turns).

Host24 the Skirmisher (Kobold Hunter)               Turns: 3000, Time: 00:04:59

Health: -2/35      AC:  4    Str:  9    XL:     5   Next: 53%
Magic:  5/5        EV: 16    Int: 12    God:
Gold:   109        SH:  0    Dex: 17    Spells: 0 memorised, 4 levels left

rFire  . . .     SeeInvis .     a - +1 hand crossbow
rCold  . . .     Gourm    .     c - +0 leather armour
rNeg   . . .     Faith    .     (shield restricted)
rPois  .         Spirit   .     (no helmet)
rElec  .         Reflect  .     (no cloak)
rCorr  .         Harm     .     u - +0 pair of gloves
MR     .....                    (no boots)
Stlth  ++........               (no amulet)
                                (no ring)
                                (no ring)

@: no status effects
A: carnivore 3
a: no special abilities


You were on level 3 of the Dungeon.
You were completely stuffed.

You visited 1 branch of the dungeon, and saw 3 of its levels.

You collected 109 gold pieces.

Inventory:

Hand Weapons
 a - a +1 hand crossbow (weapon)
 b - a +0 short sword
Missiles
 d - 78 bolts (quivered)
 g - 47 arrows
 h - 115 stones
 t - 2 tomahawks
 y - 19 sling bullets
Armour
 c - a +0 leather armour (worn)
 e - a cursed +0 plate armour
 u - a +0 pair of gloves (worn)
Jewellery
 s - an uncursed ring of stealth {unknown}
Wands
 A - a wand of paralysis (14/24)
Scrolls
 i - 4 scrolls of identify {unknown}
 j - 2 scrolls of remove curse {unknown}
 k - 3 scrolls of immolation {unknown}
 l - 2 scrolls of blinking {unknown}
 p - 3 scrolls of amnesia {unknown}
 r - a scroll of enchant armour {unknown}
 v - a scroll of recharging {unknown}
 z - a scroll of fog {unknown}
 C - a scroll of teleportation {unknown}
Potions
 m - 2 potions of flight {unknown}
 n - a potion of cure mutation {unknown}
 o - a potion of mutation {unknown}
 w - 2 potions of lignification {unknown}
 x - a potion of curing {unknown}
Books
 B - a book of Changes

   Spells                             Type                      Level
   a - Beastly Appendage              Transmutation                1
   b - Sticks to Snakes               Transmutation                2
   c - Spider Form                    Transmutation/Poison         3
   d - Ice Form                       Ice/Transmutation            4
   e - Blade Hands                    Transmutation                5
Comestibles
 f - 2 meat rations
 q - 2 beef jerkies


   Skills:
 - Level 5.0 Fighting
 - Level 5.0 Crossbows
 + Level 3.7 Dodging
 - Level 1.3 Stealth


You had 4 spell levels left.
You didn't know any spells.

Dungeon Overview and Level Annotations

Branches:
Dungeon (3/15)

Altars:
The Shining One

Annotations:
D:3 Host24's ghost, amateur KoHu


Innate Abilities, Weirdness & Mutations

You are small and have problems with some larger weapons.
You are carnivorous and can eat meat at any time.


Message History

Aim: an orc priest, wielding a club (severely wounded)
You shoot a bolt.
The bolt hits the orc priest but does no damage.
The orc priest is severely wounded.
The orc priest invokes the aid of Beogh against you.
Beogh smites you!
* * * LOW HITPOINT WARNING * * *
Firing (i - inventory. (,) - cycle):
d - 80 bolts (quivered)
Press: ? - help, Shift-Dir - straight line, f/p - orc priest
Aim: an orc priest, wielding a club (severely wounded)
You shoot a bolt. The bolt hits the orc priest.
You kill the orc priest!
The orc closely misses you.
Firing (i - inventory. (,) - cycle):
d - 79 bolts (quivered)
Press: ? - help, Shift-Dir - straight line, f - orc
Aim: an orc, wielding a mace and wearing a chain mail You shoot a bolt.
The bolt hits the orc.
The orc is severely wounded.
The orc hits you with a mace.
You die...

#######.. ......
#...†.... .(...
##.######. ....
##...## ## ...
#.....##### (. ###
#.......... #. ##.##
#.....####.
#)###.#.###.....# #.
#oo@###.......†####.
#.###.#..)...........
## #...##)..........
######...##......####.
.........##..##### #.
######..###..# #.
#.......########.
##.####.......... #..
##########.


You could see 2 orcs.

Vanquished Creatures
  An orc priest (D:3)
  A worker ant zombie (D:3)
  A gnoll (D:1)
  3 adders
  2 worms
  2 leopard geckos
  2 orcs (D:3)
  7 bats
  2 giant cockroaches
  8 goblins
  7 hobgoblins
  4 jackals (D:2)
  A quokka (D:2)
  A ball python (D:2)
  4 frilled lizards
  9 kobolds
  3 rats
58 creatures vanquished.

Notes
Turn   | Place    | Note
-------+----------+-------------------------------------------
     0 | D:1      | Host24 the Kobold Hunter began the quest for the Orb.
     0 | D:1      | Reached XP level 1. HP: 12/12 MP: 1/1
   167 | D:1      | Reached XP level 2. HP: 4/19 MP: 2/2
   794 | D:1      | Reached XP level 3. HP: 23/23 MP: 3/3
  1491 | D:2      | Reached XP level 4. HP: 21/30 MP: 4/4
  1849 | D:3      | Noticed Host24's ghost (amateur KoHu)
  2092 | D:3      | Found a glowing golden altar of the Shining One.
  2469 | D:3      | Reached skill level 5 in Fighting
  2695 | D:3      | Reached skill level 5 in Crossbows
  2695 | D:3      | Reached XP level 5. HP: 15/35 MP: 5/5
  3000 | D:3      | Slain by an orc

Skill      XL: |  1  2  3  4  5 |
---------------+----------------+-----
Fighting       | 3 4 5 |  5.0
Crossbows      | 5 |  5.0
Dodging        | 3 |  3.7
Stealth        | |  1.3

Action                   |  1- 3 |  4- 6 || total
-------------------------+-------+-------++-------
Melee: Short sword       |    91 |   130 ||   221
 Fire: Hand crossbow     |     4 |    10 ||    14
 Stab: Sleeping          |     5 |       ||     5
  Eat: Chunk             |     9 |     6 ||    15
Armor: Leather armour    |    19 |    36 ||    55
Dodge: Dodged            |    68 |   112 ||   180
